 Dungeon Crawl Stone Soup version 0.19-a0-1740-g0bcaf2e (webtiles) character file.

157 Alarkh the Grave Robber (level 5, -1/35 HPs)
             Began as a Mummy Necromancer on Oct 2, 2016.
             Slain by a worker ant (5 damage)
             ... on level 3 of the Dungeon.
             The game lasted 00:03:22 (2705 turns).

Alarkh the Grave Robber (Mummy Necromancer)         Turns: 2705, Time: 00:03:23

Health: -1/35      AC:  2    Str: 11    XL:     5   Next: 15%
Magic:  2/10       EV: 12    Int: 15    God:
Gold:   154        SH:  0    Dex: 13    Spells: 2 memorised, 7 levels left

rFire  x . .     SeeInvis +     a - +0 mace
rCold  + . .     Gourm    .     l - +0 robe (curse)
rNeg   + + +     Faith    .     (no shield)
rPois  ∞         Spirit   .     (no helmet)
rElec  .         Dismiss  .     (no cloak)
rCorr  .         Reflect  .     (no gloves)
MR     .....     Harm     .     (no boots)
Stlth  ++........               (no amulet)
                                (no ring)
                                m - ring of see invisible

@: very slow
A: no food or potions, fire vulnerability, cold resistance 1, negative energy
resistance 3, torment resistance, unbreathing
a: no special abilities


You were on level 3 of the Dungeon.
You were not hungry.

You visited 1 branch of the dungeon, and saw 3 of its levels.

You collected 154 gold pieces.

Inventory:

Hand Weapons
 a - a +0 mace (weapon)
 d - a +0 dagger
 g - a +0 dagger of venom
Armour
 c - a cursed +1 large shield of resistance
 l - a cursed +0 robe (worn)
Jewellery
 m - a ring of see invisible (left hand)
Scrolls
 e - a scroll of identify
 f - a scroll of remove curse
 h - a scroll of teleportation
 i - a scroll of fear {unknown}
 j - 2 scrolls of enchant weapon {unknown}
 k - a scroll of recharging {unknown}
 n - 4 scrolls of blinking {unknown}
Books
 b - a book of Necromancy

   Spells                             Type                      Level
   a - Pain                           Necromancy                   1
   b - Animate Skeleton               Necromancy                   1
   c - Vampiric Draining              Necromancy                   3
   d - Regeneration                   Charms/Necromancy            3
   e - Animate Dead                   Necromancy                   4
   f - Control Undead                 Necromancy                   4


   Skills:
 - Level 1.5 Dodging
 - Level 1.5 Stealth
 + Level 3.6 Spellcasting
 + Level 5.5 Necromancy


You had 7 spell levels left.
You knew the following spells:

 Your Spells              Type           Power        Failure   Level  Hunger
a - Pain                  Necr           ###.         1%          1    N/A
b - Vampiric Draining     Necr           ###.......   10%         3    N/A

Dungeon Overview and Level Annotations

Branches:
Dungeon (3/15)

Altars:
Cheibriados


Innate Abilities, Weirdness & Mutations

You do not eat or drink.
Your flesh is vulnerable to fire.
You are immune to poison.
Your flesh is cold resistant. (rC+)
You are immune to negative energy. (rN+++)
You are immune to unholy pain and torment.
You can survive without breathing.


Message History

Casting: Pain
Confirm with . or Enter, or press ? or * to list all spells.
Aiming: Pain
Press: ? - help, Shift-Dir - straight line, f/p - worker ant
Aim: a worker ant (severely wounded, chance to defeat MR: 84%)
The worker ant writhes in agony!
The worker ant bites you.
* * * LOW HITPOINT WARNING * * *
Casting: Pain
Confirm with . or Enter, or press ? or * to list all spells.
Aiming: Pain
Press: ? - help, Shift-Dir - straight line, f/p - worker ant
Aim: a worker ant (almost dead, chance to defeat MR: 84%)
The worker ant writhes in agony!
The worker ant misses you.
Casting: Pain
Confirm with . or Enter, or press ? or * to list all spells.
Aiming: Pain
Press: ? - help, Shift-Dir - straight line, f/p - worker ant
Aim: a worker ant (almost dead, chance to defeat MR: 84%)
The worker ant barely resists.
The worker ant bites you.
You die...

..#.###.#### #.#.#
...........#####.#.#############
#...###.##.##..................#
....#
#.##.##.##.#..###.######.##
....#
#.##.##.##.#...!...........
....#
#.............###.######.##
....#########.####..# #.# #...
..........###.####..###.# ####
##..#####.......@.[.....#
##.##########)#a<.######
##..........÷.###÷..#
....##########.#†##.## ##...#
##..#...############ ##...#
########.#........>...... ##...#
#.......(#...############ ##...#
#.############ ##...####.# ####


You could see a worker ant.

Vanquished Creatures
  An orc priest (D:2)
  3 gnolls (D:3)
  3 adders (D:2)
  2 oozes (D:1)
  A dart slug (D:1)
  2 leopard geckos
  3 orcs (D:3)
  7 giant cockroaches
  9 goblins
  6 hobgoblins
  3 jackals (D:3)
  2 quokkas (D:3)
  4 frilled lizards
  4 kobolds
  4 rats
54 creatures vanquished.

Notes
Turn   | Place    | Note
-------+----------+-------------------------------------------
     0 | D:1      | Alarkh the Mummy Necromancer began the quest for the Orb.
     0 | D:1      | Reached XP level 1. HP: 13/13 MP: 3/3
   247 | D:1      | Reached XP level 2. HP: 8/19 MP: 0/5
   856 | D:1      | Reached XP level 3. HP: 15/24 MP: 0/7
   861 | D:1      | Learned a level 3 spell: Vampiric Draining
  1153 | D:2      | Reached XP level 4. HP: 30/30 MP: 2/8
  1368 | D:2      | Reached skill level 5 in Necromancy
  1564 | D:3      | Found a faded altar of an unknown god.
  2004 | D:3      | Became a worshipper of Cheibriados the Contemplative
  2004 | D:3      | Reached * piety under Cheibriados
  2004 | D:3      | Fell from the grace of Cheibriados
  2271 | D:3      | Reached XP level 5. HP: 14/35 MP: 1/10
  2705 | D:3      | Slain by a worker ant

Vault maps used:
D:1:      minmay_arrival_jagged
D:3:      ecumenical_altar_1

Skill      XL: |  1  2  3  4 |
---------------+-------------+-----
Spellcasting   | 3 |  3.6
Necromancy     | 5 |  5.5
Dodging        | |  1.5
Stealth        | |  1.5

Action                   |  1- 3 |  4- 6 || total
-------------------------+-------+-------++-------
Melee: Dagger            |    41 |       ||    41
       Mace              |       |    12 ||    12
 Cast: Pain              |    55 |    69 ||   124
Invok: Renounce Religion |       |     1 ||     1
  Use: Scroll            |       |     2 ||     2
 Stab: Sleeping          |     1 |     1 ||     2
Armor: Robe              |    10 |     3 ||    13
Dodge: Dodged            |    32 |    26 ||    58
